 Dungeon Crawl Stone Soup version 0.28-a0-6-g334057b17a (webtiles) character file.

Game seed: 7100823049136657392

45 dukemarty79 the Conjurer (level 3, 0/21 HPs)
             Began as an Octopode Conjurer on July 23, 2021.
             Succumbed to an adder's poison
             ... on level 3 of the Dungeon.
             The game lasted 00:08:08 (2705 turns).

dukemarty79 the Conjurer (Octopode Conjurer)        Turns: 2705, Time: 00:08:09

Health: 0/21       AC:  1    Str:  6    XL:     3   Next: 64%
Magic:  0/6        EV: 13    Int: 21    God:
Gold:   32         SH:  0    Dex: 10    Spells: 3/6 levels left

rFire   . . .      SeeInvis .   f - +0 short sword
rCold   . . .      Faith    +   (no shield)
rNeg    . . .      Spirit   .   (helmet restricted)
rPois   .          Reflect  .   a - amulet of faith
rElec   .          Harm     .   (no ring)
rCorr   .          Rampage  .   (no ring)
Will    .....                   (no ring)
Stlth   +++.......              (no ring)
HPRegen 0.07/turn               (no ring)
MPRegen 0.10/turn               (no ring)
                                (no ring)
                                (no ring)

@: lethally poisoned (0 -> -5)
A: almost no armour, amphibious, 8 rings, camouflage 1, gelatinous body 1,
(nimble swimmer 1), tentacles
a: no special abilities


You were on level 3 of the Dungeon.
You visited 1 branch of the dungeon, and saw 3 of its levels.

You collected 32 gold pieces.

Inventory:

Hand Weapons
 f - a +0 short sword (weapon)
Missiles
 d - 64 arrows
Jewellery
 a - an amulet of faith (around mantle)
Scrolls
 b - a scroll of immolation {unknown}
 c - a scroll of enchant weapon {unknown}
 e - a scroll of identify {unknown}
Potions
 g - a potion of lignification {unknown}
 h - a potion of curing {unknown}


   Skills:
 + Level 2.4 Dodging
 + Level 3.5 Stealth
 + Level 2.3 Spellcasting
 + Level 4.5 Conjurations


You had 3 spell levels left.
You knew the following spells:

 Your Spells              Type           Power      Damage    Failure   Level
a - Magic Dart            Conj           84%        1d7       2%          1
b - Searing Ray           Conj           42%        3d4       3%          2

Your spell library contained the following spells:

 Spells                   Type           Power      Damage    Failure   Level
 Dazzling Flash           Conj/Hex       22%        N/A       17%         3
 Fulminant Prism          Conj/Hex       5%         3d7       50%         4
 Iskenderun's Mystic Bla  Conj/Tloc      11%        2d4       50%         4


Dungeon Overview and Level Annotations

Branches:
Dungeon (3/15)

Altars:


Innate Abilities, Weirdness & Mutations

You cannot wear most types of armour.
You are amphibious.
You can wear up to eight rings at the same time.
Your skin changes colour to match your surroundings (Stealth+).
Your rubbery body absorbs attacks. (AC +1, EV +1)
((You are camouflaged near water. (Stealth+)))
You have tentacles for arms and can constrict up to eight enemies at once.


Message History

You open the door.
A rat, a hobgoblin and a phantom come into view.
Found a stone staircase leading down.
Casting: Searing Ray (safe; 3% risk of failure)
Confirm with . or Enter, or press ? or * to list all spells.
Aiming: Searing Ray (safe; 3% risk of failure)
Press: ? - help, Shift-Dir - straight line, f - rat
Aim: a rat (asleep, 100% to hit)
The searing ray hits the rat.
You kill the rat! (Press . to maintain the ray.)
The hobgoblin shouts!
You hear an angry hiss.
You hear a shout!
Found 23 sling bullets.
There is an open door here.
Casting: Searing Ray (safe; 3% risk of failure)
Confirm with . or Enter, or press ? or * to list all spells.
Aiming: Searing Ray (safe; 3% risk of failure)
Press: ? - help, Shift-Dir - straight line, f - phantom
Aim: a phantom (69% to hit)
The searing ray hits the phantom!
The phantom is moderately damaged. (Press . to maintain the ray.)
An endoplasm comes into view.
An adder comes into view.
The searing ray hits the phantom.
The phantom is heavily damaged.
A quokka comes into view.
The phantom barely misses you.
The searing ray misses the phantom.
The adder bites you. The phantom hits you.
The phantom blinks!
You blink.
The phantom hits you.
The phantom blinks!
You blink.
The adder bites you.
You are lethally poisoned!
The adder poisons you!
An ogre comes into view. It is wielding a +0 giant club.
The hobgoblin misses you. The phantom hits you.
* * * LOW HITPOINT WARNING * * *
The adder closely misses you.
* * * LOW HITPOINT WARNING * * *
You feel sick. The adder barely misses you.
You die...

.. ##.###
#....# #..#.#
#####..#r##
....J>.g..#
#####.WS.#
#....#
#O#@##########
#.#..........#
O.##########.#
... #^...###.#
....
#<##.....#
....
##########


You could see a phantom, an adder, an endoplasm (wandering), a quokka and a
hobgoblin.

Vanquished Creatures
  7 endoplasms (D:1)
  A giant cockroach (D:1)
  A goblin (D:1)
  6 hobgoblins (D:1)
  A quokka (D:2)
  6 ball pythons
  7 bats
  4 frilled lizards
  4 kobolds
  2 rats
39 creatures vanquished.

Vanquished Creatures (others)
  A rat (D:1)
1 creature vanquished.

Grand Total: 40 creatures vanquished

Notes
Turn   | Place    | Note
-------+----------+-------------------------------------------
     0 | D:1      | dukemarty79 the Octopode Conjurer began the quest for the
                  | Orb.
     0 | D:1      | Reached XP level 1. HP: 11/11 MP: 3/3
   596 | D:1      | Reached XP level 2. HP: 12/17 MP: 0/5
   696 | D:1      | Learned a level 2 spell: Searing Ray
  1305 | D:1      | Reached XP level 3. HP: 21/21 MP: 2/6
  2696 | D:3      | Noticed a phantom
  2703 | D:3      | Noticed an ogre
  2704 | D:3      | HP: 1/21 [poisoned by an adder]
  2705 | D:3      | Succumbed to an adder's poison

Illustrated notes

Levels and vault maps discovered:
D:1:      dpeg_arrival_short_road, layout_loops_ring, lemuel_flame_loot_1
D:2:      layout_loops_cross, serial_shops, nicolae_shop_waterfront,
          uniq_natasha
D:3:      layout_basic, hellmonk_ecumenical_altar_watching_god, uniq_robin

Skill      XL: |  1 |
---------------+----+-----
Stealth        | 3 |  3.5
Dodging        | |  2.4
Spellcasting   | |  2.3
Conjurations   | |  4.5

Action                   || total
-------------------------++-------
Melee: Unarmed           ||    14
       Tentacles         ||     2
       Constrict         ||     2
 Cast: Magic Dart        ||    43
       Searing Ray       ||    16
 Stab: Sleeping          ||     1
Armor: Skin              ||     4
Dodge: Dodged            ||    18

Table legend: (Time is in decaauts)
 A = Elapsed time spent in this place.
 B = Non-inter-level travel time spent in this place.
 C = Inter-level travel time spent in this place.
 D = Time resting spent in this place.
 E = Time spent auto-exploring this place.
 F = Levels seen in this place.
 G = Mean time per level.
                   A        B        C        D        E       F      G
               +--------+--------+--------+--------+--------+-----+--------+
         Total |   2707 |   2707 |      0 |   1634 |    709 |   3 |  902.3 |
       Dungeon |   2707 |   2707 |      0 |   1634 |    709 |   3 |  902.3 |
               +--------+--------+--------+--------+--------+-----+--------+

Top non-repeatable levels by time:
     D:1: 2430 daAuts
     D:2: 247 daAuts
     D:3: 29 daAuts
